 Dungeon Crawl Stone Soup version 0.29-a0-294-g83ea962da3 (webtiles) character file.

Game seed: 6491108564903645653

58278 kae the Brawler (level 14, -9/132 HPs)
             Began as a Ghoul Fighter on Mar 18, 2022.
             Was the Champion of Makhleb.
             Mangled by a skeletal warrior
             ... wielding a +0 glaive
             ... led by a skeletal warrior
              (22 damage)
             ... on level 12 of the Dungeon.
             The game lasted 00:16:43 (25544 turns).

kae the Brawler (Ghoul Fighter)                    Turns: 25544, Time: 00:16:44

Health: -9/132     AC: 19    Str: 20    XL:     14   Next: 89%
Magic:  0/21       EV:  8    Int:  9    God:    Makhleb [******]
Gold:   1178       SH:  0    Dex: 10    Spells: 13/13 levels left

rFire   + . .      SeeInvis .     - Unarmed
rCold   + . .      Faith    .   (no shield)
rNeg    + + +      Spirit   +   Q - +1 plate armour {rF+}
rPois   ∞          Reflect  .   (no helmet)
rElec   .          Harm     .   y - +0 cloak of Decaying Salvation {Str-3 Int+4 Dex+2}
rCorr   +          Rampage  ∞   (no gloves)
Will    ++...                   C - +3 pair of seven-league boots {Rampage+∞}
Stlth   ..........              a - amulet of guardian spirit
HPRegen 0.00/turn               K - ring of Bucic {Fly Will+}
MPRegen 0.17/turn               I - ring of resist corrosion

@: flying, inhibited regen
A: claws 1, cold resistance 1, negative energy resistance 3, inhibited
regeneration, torment resistance 2, devour on kill
a: Renounce Religion, Minor Destruction, Lesser Servant of Makhleb, Major
Destruction, Greater Servant of Makhleb


You were on level 12 of the Dungeon.
You worshipped Makhleb.
Makhleb was exalted by your worship.
You visited 3 branches of the dungeon, and saw 19 of its levels.
You also visited: Volcano.

You collected 1415 gold pieces.
You spent 237 gold pieces at shops.

Inventory:

Missiles
 f - 2 throwing nets
Armour
 b - a +2 plate armour of cold resistance
 y - the +0 cloak of Decaying Salvation (worn) {Str-3 Int+4 Dex+2}
   (You bought it in a shop on level 11 of the Dungeon)

   Str:       It affects your strength (-3).
   Int:       It affects your intelligence (+4).
   Dex:       It affects your dexterity (+2).
 C - the +3 pair of seven-league boots (worn) {Rampage+∞}
   (You acquired it on level 11 of the Dungeon)

   Its wearer moves as far as possible in that direction when moving towards
   enemies.
 Q - a +1 plate armour of fire resistance (worn)
Jewellery
 a - an amulet of guardian spirit (around neck)
 n - an amulet of reflection
 u - a +4 ring of protection
 v - a ring of wizardry
 I - a ring of resist corrosion (right claw)
 J - a ring of protection from cold
 K - the ring of Bucic (left claw) {Fly Will+}
   (You took it off a death knight on level 11 of the Dungeon)

   [ring of flight]

   Fly:       It grants you flight.
   Will:      It increases your willpower.
 L - the amulet of Elebroser {RegenMP rCorr}
   (You took it off an efreet on level 11 of the Dungeon)

   [amulet of magic regeneration]

   It increases your rate of magic regeneration.
   rCorr:     It protects you from acid and corrosion.
 M - the ring of Gijarit {Ice Int+3}
   (You found it on level 11 of the Dungeon)

   [ring of ice]

   It enhances your ice magic.
   Int:       It affects your intelligence (+3).
   rF:        It makes you vulnerable to fire.
   rC:        It protects you from cold.
 N - a ring of protection from cold
Wands
 i - a wand of iceblast (8)
 k - a wand of digging (6)
 p - a wand of charming (14)
 s - a wand of paralysis (9)
 t - a wand of flame (10)
 E - a wand of mindburst (20)
 F - a wand of acid (11)
Scrolls
 d - 6 scrolls of teleportation
 h - 3 scrolls of blinking
 m - 5 scrolls of fear
 o - 2 scrolls of magic mapping
 w - 5 scrolls of amnesia
 x - 3 scrolls of fog
 B - a scroll of noise
Potions
 c - 5 potions of might
 e - 5 potions of degeneration
 g - 13 potions of curing
 j - 3 potions of haste
 l - 3 potions of lignification
 q - 3 potions of flight
 r - 2 potions of cancellation
 z - 3 potions of invisibility
 A - 2 potions of heal wounds
 D - a potion of resistance {unknown}
 G - a potion of magic {unknown}
 H - 2 potions of ambrosia {unknown}
 O - 5 potions of attraction {unknown}
 P - 3 potions of mutation {unknown}


   Skills:
 + Level 14.0 Fighting
 + Level 7.0 Armour
 + Level 6.2 Dodging
 - Level 2.6 Shields
 * Level 18.9 Unarmed Combat
 + Level 11.7 Invocations


You had 13 spell levels left.
You didn't know any spells.
Your spell library contained the following spells:

 Spells                   Type           Power      Damage    Failure   Level
 Sandblast                Erth           0%         2d4       100%        1
 Sting                    Tmut/Pois      0%         1d3       100%        1
 Passwall                 Tmut/Erth      0%         N/A       100%        2
 Poisonous Vapours        Pois/Air       0%         N/A       100%        2
 Stone Arrow              Conj/Erth      0%         3d7       100%        3
 Tukima's Dance           Hex            0%         N/A       100%        3
 Olgreb's Toxic Radiance  Pois           0%         N/A       100%        4
 Passage of Golubria      Tloc           0%         N/A       100%        4
 Petrify                  Tmut/Erth      0%         N/A       100%        4
 Irradiate                Conj/Tmut      0%         3d13      100%        5
 Yara's Violent Unravell  Hex/Tmut       0%         3d3       100%        5
 Chain Lightning          Conj/Air       0%         N/A       100%        9
 Fire Storm               Conj/Fire      0%         5d1       100%        9
 Shatter                  Erth           0%         3d5*      100%        9
 Sublimation of Blood     Necr           Unusable   N/A       N/A         2

Dungeon Overview and Level Annotations

Branches:
Dungeon (12/15)            Temple (1/1) D:6            Lair (6/6) D:9
 Shoals (0/4) Lair:4       Spider (0/4) Lair:2        Slime (0/5) Lair:6
Volcano (visited)
    Orc: D:9-12

Altars:
Ashenzari
Cheibriados
Dithmenos
Elyvilon
Fedhas
Gozag
Hepliaklqana
Kikubaaqudgha
Makhleb
Nemelex Xobeh
Okawaru
Qazlal
Ru
Sif Muna
Trog
Uskayaw
Vehumet
Wu Jian
Xom
Yredelemnul
Zin
The Shining One

Shops:
D:11 [   D:12 [

Annotations:
D:8 2 transporters, cheburek's ghost, novice TrFi


Innate Abilities, Weirdness & Mutations

You are immune to poison.
You have sharp fingernails.
Your flesh is cold resistant. (rC+)
You are immune to negative energy. (rN+++)
You do not regenerate when monsters are visible.
You are immune to unholy pain and torment.
You thrive by killing the living.


Message History

You scratch the skeletal warrior.
The skeletal warrior is almost destroyed.
You claw the skeletal warrior!
You destroy the skeletal warrior!
Makhleb accepts your kill.
You feel better.
You scratch the skeletal warrior.
The skeletal warrior is lightly damaged.
The skeletal warrior hits you but does no damage. x2
You closely miss the skeletal warrior.
The skeletal warrior is lightly damaged.
You scratch the skeletal warrior.
The skeletal warrior is lightly damaged.
The skeletal warrior hits you but does no damage.
The skeletal warrior hits you from afar with a +0 glaive.
You claw the skeletal warrior!
The skeletal warrior is lightly damaged.
The skeletal warrior hits you with a +0 flail!
The skeletal warrior hits you but does no damage.
You scratch the skeletal warrior.
The skeletal warrior is moderately damaged.
You closely miss the skeletal warrior. Your claw misses the skeletal warrior.
The skeletal warrior is moderately damaged.
The skeletal warrior hits you with a +0 flail!!
* * * LOW HITPOINT WARNING * * *
The skeletal warrior closely misses you.
You scratch the skeletal warrior but do no damage.
The skeletal warrior is moderately damaged.
The skeletal warrior hits you with a +0 flail.
* * * LOW HITPOINT WARNING * * *
The skeletal warrior hits you but does no damage.
You scratch the skeletal warrior but do no damage.
Your claw misses the skeletal warrior.
The skeletal warrior is moderately damaged.
You closely miss the skeletal warrior. You claw the skeletal warrior!
The skeletal warrior is heavily damaged.
The skeletal warrior hits you with a +0 flail!
* * * LOW HITPOINT WARNING * * *
The skeletal warrior hits you from afar with a +0 glaive!!
You die...

###..#.#.#..######.#
#....#.....†.......#
..
#.#..#......######.#
...#
#.#..#.#.#.......#.#
.....##.#..#
####≈≈#####.#
.....zz....#
+..>..∩..+..#
....z#.#z##
####≈≈####..#
....!.z.#z# #..##
#.# ##.#...##@#
#..######.# ####
#.######.........
#.........######.
###########


You could see 2 skeletal warriors.

Vanquished Creatures
  A stone giant (Volcano)
  6 hydras
  A boulder beetle (Lair:2)
  A death knight (D:11)
  3 two-headed ogres
  3 skeletal warriors (D:12)
  A goliath frog (Lair:6)
  An ugly thing (D:11)
  2 wolf spiders (Lair:3)
  5 elephants (Lair:5)
  A manticore (D:11)
  A merfolk siren (Lair:4)
  2 molten gargoyles (Volcano)
  8 black mambas
  15 cane toads
  3 gargoyles
  3 unseen horrors
  4 rime drakes
  2 kobold demonologists (D:8)
  2 efreet
  13 komodo dragons
  2 trolls
  2 merfolk (Lair:4)
  3 polar bears
  Grinder (D:4)
  A hornet (Lair:5)
  2 slime creatures
  13 dream sheep
  3 tyrant leeches (Lair:6)
  23 blink frogs
  A shadow (D:11)
  2 fire elementals (Volcano)
  2 wyverns
  2 fire bats (Volcano)
  2 wraiths (D:11)
  64 yaks
  A vampire (D:10)
  5 basilisks
  5 vampire mosquitoes (Lair:6)
  2 steam dragons
  An acid dragon (D:11)
  19 water moccasins
  An ice beast (D:6)
  5 orc warriors (D:9)
  2 black bears
  2 ogres
  A boggart (D:11)
  A centaur (D:11)
  8 wolves
  2 phantoms (D:6)
  5 kobold brigands
  15 bullfrogs
  2 gnoll sergeants
  An earth elemental (Volcano)
  2 necrophages
  7 scorpions
  13 wights
  15 killer bees
  5 howler monkeys
  12 electric eels
  5 lava snakes (Volcano)
  6 jellies
  4 orc priests
  3 hounds
  Jessica (D:2)
  Natasha (thrice) (D:3)
  3 iguanas
  8 orc wizards
  5 adders
  12 gnolls
  3 shadow imps
  4 white imps
  An ufetubus (D:5)
  5 worms
  3 dart slugs
  25 orcs
  4 bats
  6 endoplasms
  4 giant cockroaches
  9 goblins
  7 hobgoblins
  10 jackals (D:4)
  10 quokkas
  6 ball pythons
  4 frilled lizards
  19 kobolds
  8 rats
511 creatures vanquished.

Vanquished Creatures (others)
  57 fungi
  95 plants
152 creatures vanquished.

Grand Total: 663 creatures vanquished

Notes
Turn   | Place    | Note
-------+----------+-------------------------------------------
     0 | D:1      | kae the Ghoul Fighter began the quest for the Orb.
     0 | D:1      | Reached XP level 1. HP: 19/19 MP: 0/0
   186 | D:1      | Reached XP level 2. HP: 20/26 MP: 1/1
   402 | D:1      | Reached skill level 3 in Unarmed Combat
   556 | D:1      | Reached XP level 3. HP: 31/33 MP: 2/2
  1220 | D:2      | Noticed Jessica
  1222 | D:2      | Killed Jessica
  1223 | D:2      | Reached skill level 4 in Unarmed Combat
  1223 | D:2      | Reached XP level 4. HP: 40/40 MP: 3/3
  1682 | D:2      | Reached XP level 5. HP: 46/47 MP: 4/4
  1710 | D:2      | Found a faded altar of an unknown god.
  2067 | D:2      | Reached skill level 5 in Unarmed Combat
  2257 | D:3      | Found a sacrificial altar of Ru.
  2374 | D:3      | Noticed Natasha
  2385 | D:3      | Killed Natasha
  2534 | D:3      | Noticed Natasha
  2540 | D:3      | Killed Natasha
  2617 | D:3      | Noticed Natasha
  2627 | D:3      | Killed Natasha
  2628 | D:3      | Reached XP level 6. HP: 34/55 MP: 5/5
  3033 | D:4      | Reached skill level 5 in Fighting
  3260 | D:4      | Noticed a black bear
  3268 | D:4      | Killed a black bear
  3269 | D:4      | Reached skill level 6 in Unarmed Combat
  3452 | D:4      | Reached XP level 7. HP: 50/61 MP: 6/6
  3802 | D:4      | Noticed Grinder
  3834 | D:4      | Killed Grinder
  3835 | D:4      | Reached skill level 7 in Unarmed Combat
  4333 | D:5      | Entered Level 5 of the Dungeon
  4580 | D:5      | HP: 1/63 [ogre/+0 giant spiked club (21)]
  4582 | D:5      | Reached skill level 8 in Unarmed Combat
  4582 | D:5      | Reached XP level 8. HP: 1/71 MP: 7/7
  5692 | D:6      | Reached skill level 9 in Unarmed Combat
  5769 | D:6      | Found a staircase to the Ecumenical Temple.
  5801 | D:6      | Reached skill level 10 in Unarmed Combat
  6071 | D:6      | Reached XP level 9. HP: 80/80 MP: 8/8
  6364 | Temple   | Entered the Ecumenical Temple
  6590 | Temple   | Became a worshipper of Makhleb the Destroyer
  6803 | D:7      | Reached skill level 1 in Invocations
  7678 | D:8      | Noticed a tengu conjurer
  7690 | D:8      | Found a transporter.
  7690 | D:8      | Noticed cheburek's ghost (novice TrFi)
  7749 | D:8      | Reached skill level 11 in Unarmed Combat
  7787 | D:8      | Noticed a two-headed ogre
  8292 | D:8      | Killed a two-headed ogre
  8459 | D:8      | Found a transporter.
  8633 | D:9      | Reached * piety under Makhleb
  8642 | D:9      | Reached XP level 10. HP: 91/91 MP: 11/11
  8646 | D:9      | Reached skill level 12 in Unarmed Combat
  8651 | D:9      | Noticed a kobold demonologist
  8655 | D:9      | Noticed a kobold demonologist
  8668 | D:9      | Noticed a soul eater
  8669 | D:9      | Noticed a sun demon
  8671 | D:9      | Noticed an orange demon
  8828 | D:8      | Killed a kobold demonologist
  8854 | D:9      | Noticed a soul eater
  9176 | D:8      | Found a transporter.
  9243 | D:8      | Killed a kobold demonologist
  9305 | D:8      | Found a transporter.
  9868 | D:9      | Reached skill level 5 in Invocations
  9921 | D:9      | Reached skill level 13 in Unarmed Combat
 10165 | D:9      | Found a staircase to the Lair.
 10524 | D:9      | Reached ** piety under Makhleb
 10763 | D:9      | Identified the +4 robe "Sionuin" {rF+ Will+ Stlth+}
 10784 | D:9      | HP: 3/93 [orc warrior/+1 glaive of freezing (4)]
 11153 | D:9      | Reached skill level 10 in Fighting
 11565 | D:10     | Entered Level 10 of the Dungeon
 12068 | D:10     | Found a sparkling altar of Nemelex Xobeh.
 12078 | D:10     | Reached XP level 11. HP: 100/100 MP: 14/14
 12559 | D:10     | Reached skill level 14 in Unarmed Combat
 13433 | D:11     | Noticed a two-headed ogre
 13439 | D:11     | Killed a two-headed ogre
 13440 | D:11     | Noticed a two-headed ogre
 13451 | D:11     | HP: 3/101 [two-headed ogre/+0 giant club (24)]
 13453 | D:11     | Killed a two-headed ogre
 13825 | D:11     | Found Alunga's Antique Armour Shoppe.
 13833 | D:11     | Bought a jewelled cloak for 237 gold pieces
 13833 | D:11     | Identified the +0 cloak of Decaying Salvation {Str-3 Int+4
                  | Dex+2} (You bought it in a shop on level 11 of the Dungeon)
 14061 | D:11     | Noticed a manticore
 14076 | D:11     | Killed a manticore
 14550 | D:11     | Reached *** piety under Makhleb
 14601 | D:11     | Reached skill level 15 in Unarmed Combat
 14840 | D:11     | Noticed a red ugly thing
 14864 | D:11     | Killed a red ugly thing
 14887 | D:11     | Noticed a four-headed hydra
 14905 | D:11     | Killed a four-headed hydra
 14906 | D:11     | Reached XP level 12. HP: 110/110 MP: 17/17
 14929 | D:11     | Identified the ring of Conformity {Str+4 Int+6}
 14929 | D:11     | Noticed a centaur warrior
 15295 | D:11     | Identified the ring of Bucic {Fly Will+}
 15295 | D:11     | Noticed a death knight
 15302 | D:11     | Killed a death knight
 15456 | D:11     | Identified the amulet of Elebroser {RegenMP rCorr}
 15853 | D:11     | Identified the ring of Gijarit {Ice Int+3}
 15863 | D:11     | Identified a scroll of acquirement
 15863 | D:11     | Acquired the +3 pair of seven-league boots {Rampage+∞}
 15863 | D:11     | Found the +3 pair of seven-league boots {Rampage+∞}
 15954 | Lair:1   | Entered Level 1 of the Lair of Beasts
 16021 | Lair:1   | Noticed an eight-headed hydra
 16028 | Lair:1   | Killed an eight-headed hydra
 16335 | Lair:1   | Reached skill level 16 in Unarmed Combat
 16675 | Lair:1   | Reached skill level 1 in Dodging
 16926 | Lair:1   | Reached **** piety under Makhleb
 17324 | Lair:2   | You are sucked into a shaft and drop 2 floors!
 17479 | Lair:3   | Reached XP level 13. HP: 96/119 MP: 19/19
 17522 | Lair:2   | Found a dark tunnel.
 17530 | Volcano  | Entered a volcano
 18140 | Volcano  | Found a bloodstained altar of Trog.
 18333 | Volcano  | Noticed a stone giant
 18347 | Volcano  | Killed a stone giant
 18348 | Volcano  | Reached skill level 17 in Unarmed Combat
 18955 | Lair:2   | Reached skill level 10 in Invocations
 19529 | Lair:2   | Found a hole to the Spider Nest.
 19553 | Lair:2   | Reached skill level 5 in Armour
 20303 | Lair:3   | Reached ***** piety under Makhleb
 21000 | Lair:4   | Found a staircase to the Shoals.
 22097 | Lair:5   | Reached XP level 14. HP: 128/129 MP: 21/21
 22205 | Lair:5   | Reached skill level 18 in Unarmed Combat
 22613 | Lair:5   | Reached skill level 5 in Dodging
 23125 | Lair:6   | Entered Level 6 of the Lair of Beasts
 23540 | Lair:6   | Found a staircase to the Slime Pits.
 25122 | D:12     | Reached ****** piety under Makhleb
 25336 | D:12     | Found Yviyhod's Antique Armour Shop.
 25544 | D:12     | Mangled by a skeletal warrior

Illustrated notes

Levels and vault maps discovered:
D:1:      giann_bridges, layout_loops_corners
D:2:      layout_loops_ring, hellmonk_ecumenical_altar_zigzags, uniq_jessica
D:3:      layout_rooms, nicolae_ru_awakened_eye, lemuel_doored_altar,
          uniq_natasha
D:4:      layout_basic, uniq_grinder
D:5:      layout_cave_pods
D:6:      layout_cave_pools, minmay_temple_entry_arrows
D:7:      layout_loops_corners, hangedman_abyss_or_decor_passed,
          chequers_decorated_corner
D:8:      layout_loops_cross, gammafunk_ghost_arena
D:9:      layout_loops_ring, grunt_lair_entry_orc_guard_hut
D:10:     layout_basic, mainiacjoe_overflow_alcove_2
D:11:     minmay_the_grid_triangle_9x9_rhombus_thin
          [minmay_the_grid_triangle_9x9_sparse_checkered,
          minmay_the_grid_triangle_9x9_prize_special,
          minmay_the_grid_triangle_9x9_impossible_snake,
          minmay_the_grid_triangle_9x9_shrine], layout_basic, serial_shops,
          nicolae_diamond_shop
D:12:     layout_basic, hiddenorc2_lemuel, serial_shops,
          nicolae_shop_hallway_stairs, trove_entry_hex_spiral
Temple:   mainiacjoe_temple_bowtie_tessellation
Lair:1:   layout_chaotic_city
Lair:2:   layout_gridlike, nicolae_spider_entry_non_spiders,
          nicolae_volcano_entry_hallway, grunt_megastairs_3,
          serial_bayou_shore_a
Lair:3:   layout_gridlike, nicolae_lair_run_with_the_wolves
Lair:4:   layout_cave_pods, elwin_shoals_entry_rooms, infiniplex_staircase_pool
Lair:5:   layout_cave_pods
Lair:6:   minmay_lair_end_frog_pond, layout_cave_shapes,
          minmay_slime_entry_pillars

Skill      XL: |  1  2  3  4  5  6  7  8  9 10 11 12 13 14 |
---------------+-------------------------------------------+-----
Unarmed Combat | 3 4 5 6 8 10 11 13 15 16 17 18 | 18.9
Fighting       | 4 5 6 7 9 10 11 12 13 14 | 14.0
Invocations    | 3 6 8 9 10 11 | 11.7
Armour         | 4 5 7 |  7.0
Dodging        | 2 4 6 |  6.2
Shields        | |  2.6

Action                   |  1- 3 |  4- 6 |  7- 9 | 10-12 | 13-15 || total
-------------------------+-------+-------+-------+-------+-------++-------
Melee: Unarmed           |    85 |   202 |   258 |   666 |   781 ||  1992
       Punch             |     2 |     4 |    12 |    43 |    75 ||   136
Invok: Minor Destruction |       |       |       |    12 |       ||    12
       Major Destruction |       |       |       |       |     5 ||     5
Evoke: Wand              |       |       |     1 |    15 |       ||    16
  Use: Scroll            |     5 |     7 |       |    10 |     7 ||    29
 Stab: Paralysed         |       |       |     4 |     8 |       ||    12
Armor: Scale mail        |    24 |    77 |    55 |       |       ||   156
       Plate armour      |       |       |    27 |   265 |   386 ||   678
Dodge: Dodged            |    27 |   112 |    76 |   153 |   189 ||   557
Block: Buckler           |     2 |       |       |       |       ||     2
       Other             |       |       |    34 |   118 |   137 ||   289
       Reflection        |       |       |       |     6 |     3 ||     9

Table legend: (Time is in decaauts)
 A = Elapsed time spent in this place.
 B = Non-inter-level travel time spent in this place.
 C = Inter-level travel time spent in this place.
 D = Time resting spent in this place.
 E = Time spent auto-exploring this place.
 F = Levels seen in this place.
 G = Mean time per level.
                   A        B        C        D        E       F      G
               +--------+--------+--------+--------+--------+-----+--------+
         Total |  25067 |  24278 |    789 |   4684 |  16207 |  20 | 1253.3 |
       Dungeon |  16029 |  15535 |    494 |   3487 |   9941 |  12 | 1335.8 |
        Temple |    252 |    215 |     37 |      0 |    201 |   1 |  252.0 |
          Lair |   7551 |   7295 |    256 |    814 |   5423 |   6 | 1258.5 |
       Volcano |   1234 |   1234 |      0 |    383 |    642 |   1 | 1234.0 |
               +--------+--------+--------+--------+--------+-----+--------+

Top non-repeatable levels by time:
     D:9: 2637 daAuts
    D:11: 2319 daAuts
     D:8: 1782 daAuts
  Lair:1: 1709 daAuts
  Lair:6: 1520 daAuts
  Lair:5: 1403 daAuts
     D:4: 1391 daAuts
    D:10: 1346 daAuts
     D:5: 1335 daAuts
 Volcano: 1234 daAuts
  Lair:2: 1126 daAuts
     D:2: 1094 daAuts
     D:7: 1072 daAuts
     D:1: 1061 daAuts
  Lair:4: 979 daAuts
